Map: Lightshade LE

Players

Vindicta

  • Race: Terran Terran

TriGGeR - Winner!

  • Race: Protoss Protoss

Event: DreamHack SC2 Masters 2021 Fall

VOD

Have the link to the VOD?

Description

Time

  • Played on: Aug. 3, 2021, 3:19 p.m.
  • Length: 15:04

All games in this series

Show
View Real Time Build Order
Export as new Build Order

Vindicta Terran 

Build Orders:  

Get SALT Encoding   

  12  0:00  SCV  
  13  0:12  SCV  
  14  0:16  Supply Depot  
  14  0:24  SCV  
  15  0:38  SCV  
  15  0:39  Barracks  
  16  0:44  Refinery  
  16  0:50  SCV  
  17  1:02  SCV  
  18  1:14  SCV  
  19  1:27  Marine  
  19  1:30  Orbital Command  
  20  1:46  Command Center  
  20  1:48  Barracks Reactor  
  20  1:56  Supply Depot  
  20  1:59  SCV  
  21  2:07  Bunker  
  21  2:11  SCV  
  22  2:24  Marine x2, Factory  
  24  2:33  SCV  
  24  2:42  Marine x2  
  25  2:45  SCV  
  26  2:57  SCV  
  27  3:00  Marine  
  27  3:02  Refinery  
  28  3:09  SCV  
  28  3:10  Starport  
  31  3:14  Marine, Factory Tech Lab  
  31  3:18  Marine  
  31  3:23  SCV  
  31  3:25  Orbital Command  
  32  3:35  Cyclone  
  32  3:36  SCV  
  32  3:37  Marine  
  36  3:48  Viking, SCV  
  39  3:50  SCV  
  40  3:58  Supply Depot  
  40  4:03  SCV x2  
  40  4:05  Marine  
  42  4:14  Cyclone  
  42  4:15  SCV  
  46  4:19  Marine  
  46  4:20  SCV  
  48  4:26  Viking  
  48  4:30  SCV  
  50  4:33  SCV  
  50  4:36  Supply Depot  
  51  4:43  SCV  
  52  4:47  Supply Depot  
  52  4:50  Siege Tank  
  54  4:54  Marine  
  54  4:55  SCV  
  53  5:03  Medivac  
  53  5:06  Marine  
  56  5:08  SCV  
  56  5:10  Supply Depot  
  56  5:11  SCV  
  56  5:12  Marine  
  59  5:20  SCV  
  60  5:23  SCV  
  60  5:24  Marine  
  62  5:29  Marine  
  62  5:32  SCV  
  64  5:35  SCV, Cyclone  
  64  5:38  Supply Depot  
  64  5:42  Marine  
  69  5:44  SCV  
  69  5:45  Viking  
  69  5:47  SCV  
  73  5:53  Marine  
  65  5:58  SCV  
  65  6:00  SCV  
  59  6:07  Command Center  
  59  6:10  SCV  
  59  6:12  SCV  
  59  6:14  Barracks  
  59  6:16  Barracks  
  58  6:22  SCV  
  58  6:24  SCV  
  60  6:27  Stimpack  
  60  6:28  Starport Tech Lab  
  60  6:29  Marine, Factory Reactor  
  61  6:34  SCV  
  62  6:41  Refinery, SCV, Engineering Bay  
  62  6:43  Refinery  
  62  6:46  SCV  
  64  6:47  Marine  
  64  6:54  SCV  
  66  6:57  Starport Reactor  
  66  6:58  SCV  
  67  7:02  Supply Depot  
  67  7:03  Marine x2  
  67  7:05  Marine  
  67  7:07  Terran Infantry Weapons Level 1  
  71  7:10  Combat Shield  
  71  7:12  Marauder  
  71  7:14  Factory Reactor  
  72  7:17  SCV x2  
  72  7:21  Marine x2  
  76  7:23  Marine, Orbital Command  
  76  7:29  Medivac  
  79  7:31  Medivac  
  79  7:33  Marauder  
  79  7:34  SCV x2  
  85  7:39  Supply Depot  
  85  7:42  Supply Depot  
  85  7:46  SCV x2, Marauder  
  85  7:47  Orbital Command  
  89  7:55  Widow Mine x2  
  95  7:58  Barracks  
  95  7:59  Marine, Barracks  
  96  8:06  SCV x2  
  96  8:09  Concussive Shells  
  96  8:10  Marine, Marauder  
  98  8:12  Ghost Academy  
  98  8:16  Marauder  
  98  8:17  Marine  
  101  8:20  Missile Turret  
  101  8:21  Supply Depot  
  101  8:22  Widow Mine  
  101  8:26  SCV  
  103  8:28  SCV  
  103  8:29  Missile Turret  
  103  8:33  Widow Mine, Medivac  
  108  8:35  Medivac  
  108  8:36  SCV  
  108  8:38  Marine  
  108  8:39  Marine  
  108  8:41  SCV  
  114  8:42  SCV  
  114  8:47  Barracks Reactor, Barracks Tech Lab  
  116  8:51  Marine  
  116  8:53  SCV  
  116  8:54  SCV  
  116  8:55  Enhanced Shockwaves  
  119  8:59  SCV  
  119  9:00  Marine x2  
  119  9:01  Refinery  
  121  9:03  Marine  
  121  9:05  SCV  
  121  9:08  Marauder  
  121  9:09  Marine, SCV  
  127  9:11  SCV  
  123  9:18  Marine  
  123  9:20  Ghost  
  123  9:23  Marine, Orbital Command  
  126  9:25  Marine  
  126  9:26  Marine, Ghost  
  126  9:28  Ghost  
  117  9:36  Marine  
  102  9:41  Marine  
  102  9:42  Marine, Medivac  
  102  9:43  Marine  
  102  9:46  Orbital Command  
  102  9:48  SCV x2  
  102  9:49  Ghost  
  102  9:52  Medivac  
  108  9:57  Missile Turret  
  108  9:59  Terran Infantry Armor Level 1  
  109  10:00  Marine  
  109  10:01  Marine  
  109  10:05  Ghost  
  109  10:13  Widow Mine x2  
  110  10:15  Marine  
  110  10:16  Orbital Command, Marauder  
  110  10:17  SCV  
  114  10:21  Ghost  
  114  10:24  Marine x2  
  114  10:25  Marine  
  117  10:34  Marine, Ghost  
  114  10:37  SCV  
  114  10:38  SCV  
  116  10:43  Medivac  
  116  10:44  Orbital Command  
  116  10:45  Marine  
  116  10:47  Widow Mine  
  116  10:49  SCV  
  119  10:54  Medivac  
  109  10:57  Marine  
  112  11:05  Marine, SCV  
  112  11:09  Marine  
  112  11:10  SCV  
  112  11:12  Marine  
  112  11:16  Marine  
  116  11:19  SCV  
  116  11:23  Marine, Ghost  
  118  11:25  Viking  
  118  11:26  Viking  
  118  11:28  Marine  
  118  11:30  Marine  
  118  11:31  Marauder  
  121  11:33  Factory Tech Lab  
  107  11:40  Marine  
  107  11:41  SCV  
  107  11:42  Marine  
  107  11:46  Marine  
  92  11:48  Marine  
  92  11:52  Marauder x2  
  84  11:55  SCV  
  84  11:57  Siege Tank  
  84  11:58  Marine  
  84  11:59  Orbital Command  
  84  12:00  Viking, Medivac  
  88  12:01  Marine  
  86  12:08  Marine  
  86  12:09  Marine  
  86  12:11  SCV  
  86  12:14  Marine, Marauder  
  90  12:16  SCV  
  90  12:19  Marine  
  90  12:21  Marine  
  93  12:27  SCV  
  96  12:30  Marine, Siege Tank  
  91  12:40  Marauder  
  80  12:50  Marine  
  64  12:53  SCV  
  64  12:54  SCV  
  64  12:56  Marauder  
  64  12:57  Marine  
  67  13:01  Marine  
  67  13:03  SCV  
  67  13:05  Marine x2  
  71  13:09  Medivac  
  71  13:11  Marine  
  71  13:12  Marine  
  75  13:15  Marine  
  75  13:17  Marine  
  70  13:28  Marine  
  70  13:31  SCV  
  67  13:34  Marine  
  67  13:35  Marine x2  
  67  13:36  Marine  
  67  13:38  SCV x2  
  75  13:42  Siege Tank  
  75  13:43  SCV  
  75  13:47  Medivac  
  75  13:48  Medivac  
  79  13:50  Marine, SCV  
  79  13:55  Ghost  
  82  13:56  SCV  
  82  13:58  Marine  
  82  13:59  Marine  
  82  14:00  Marine  
  86  14:02  SCV  
  86  14:03  Orbital Command  
  86  14:04  SCV  
  86  14:07  Marine  
  86  14:08  Marine  
  86  14:09  SCV  
  91  14:10  Marauder  
  91  14:14  SCV  
  92  14:34  SCV  
  92  14:36  SCV x2  
  92  14:46  Marine  
  92  14:50  SCV  
Show
View Real Time Build Order
Export as new Build Order

TriGGeR Protoss - Winner!

Build Orders: Phoenix Opening, Mass Phoenix 

Get SALT Encoding   

  12  0:00  Probe  
  13  0:12  Probe  
  14  0:18  Pylon  
  14  0:24  Probe (Chrono Boost)  
  15  0:36  Gateway  
  15  0:37  Probe (Chrono Boost)  
  16  0:44  Probe (Chrono Boost)  
  16  0:45  Assimilator  
  17  0:51  Probe  
  17  0:53  Assimilator  
  18  1:03  Probe (Chrono Boost)  
  19  1:14  Probe (Chrono Boost)  
  19  1:17  Pylon  
  20  1:18  Probe (Chrono Boost)  
  20  1:23  Cybernetics Core  
  20  1:25  Zealot  
  23  1:35  Probe  
  24  1:48  Probe  
  25  2:00  Adept  
  27  2:01  Probe  
  27  2:06  Stargate  
  28  2:16  Nexus  
  28  2:20  Probe  
  29  2:24  Warp Gate  
  29  2:29  Pylon  
  29  2:34  Probe  
  30  2:46  Probe  
  30  2:50  Phoenix (Chrono Boost)  
  31  2:58  Probe  
  32  3:07  Phoenix (Chrono Boost)  
  32  3:10  Probe  
  35  3:15  Gateway  
  35  3:22  Probe  
  35  3:23  Phoenix (Chrono Boost)  
  36  3:30  Probe  
  37  3:34  Probe  
  38  3:42  Probe  
  38  3:44  Shield Battery  
  38  3:46  Phoenix (Chrono Boost)  
  41  3:50  Probe  
  41  3:54  Probe  
  43  3:58  Twilight Council  
  43  4:02  Probe  
  44  4:07  Phoenix  
  46  4:11  Probe  
  46  4:14  Probe  
  48  4:19  Gateway  
  49  4:29  Charge (Chrono Boost)  
  50  4:31  Zealot x2  
  50  4:34  Assimilator, Pylon  
  50  4:37  Probe x2  
  54  4:47  Pylon  
  54  4:52  Phoenix  
  56  4:58  Zealot  
  56  4:59  Zealot  
  60  5:01  Probe x2  
  60  5:05  Robotics Facility  
  62  5:17  Phoenix  
  62  5:20  Nexus  
  64  5:25  Zealot  
  66  5:30  Zealot x2  
  70  5:38  Pylon  
  70  5:41  Assimilator  
  70  5:53  Probe x2  
  70  5:55  Phoenix  
  68  6:02  Zealot x3  
  66  6:05  Probe  
  66  6:06  Probe  
  60  6:14  Blink (Chrono Boost)  
  60  6:17  Probe  
  60  6:18  Probe  
  62  6:23  Gateway  
  62  6:24  Gateway  
  62  6:25  Observer (Chrono Boost)  
  61  6:28  Phoenix  
  61  6:29  Probe  
  61  6:30  Stalker  
  66  6:32  Stalker  
  66  6:38  Stalker  
  70  6:44  Probe x3  
  73  6:47  Gateway  
  73  6:52  Observer  
  74  6:55  Gateway  
  74  6:57  Forge  
  74  6:59  Probe x2  
  76  7:03  Pylon  
  76  7:07  Probe  
  77  7:11  Probe  
  77  7:14  Immortal  
  82  7:17  Protoss Ground Weapons Level 1 (Chrono Boost)  
  82  7:19  Stalker  
  84  7:27  Probe  
  85  7:30  Templar Archives  
  85  7:31  Gateway  
  85  7:37  Probe  
  86  7:38  Assimilator, Probe  
  86  7:42  Assimilator  
  87  7:50  Stalker x4, Zealot  
  87  7:51  Psionic Storm  
  97  7:54  Probe x2  
  97  7:56  Warp Prism (Chrono Boost)  
  101  8:10  Pylon  
  101  8:12  Pylon  
  101  8:19  Pylon  
  101  8:21  Pylon  
  101  8:26  Observer  
  101  8:28  Probe x2  
  101  8:29  High Templar x3  
  101  8:30  Observer  
  101  8:31  Pylon  
  101  8:32  Pylon, High Templar  
  101  8:33  Zealot x2  
  115  8:35  Zealot  
  115  8:37  Zealot  
  119  8:42  Pylon  
  118  8:56  Stalker x3  
  118  9:00  Robotics Bay  
  124  9:03  Zealot x2  
  124  9:04  Zealot x2  
  124  9:05  Observer  
  133  9:17  Archon  
  133  9:19  Archon  
  133  9:25  Zealot x8  
  137  9:36  Observer  
  123  9:41  Gateway  
  115  9:45  High Templar x3  
  115  9:46  High Templar  
  115  9:47  Gateway  
  115  9:51  Colossus (Chrono Boost)  
  129  10:01  Nexus  
  129  10:15  Zealot x4  
  129  10:20  Pylon  
  137  10:22  Zealot x4  
  137  10:23  Pylon  
  138  10:37  Colossus (Chrono Boost)  
  138  10:38  Archon  
  138  10:39  Extended Thermal Lance  
  144  10:42  Robotics Facility  
  116  11:08  Probe x2  
  114  11:14  High Templar x4, Zealot x3  
  114  11:15  Zealot x3  
  134  11:21  Colossus (Chrono Boost)  
  134  11:24  Archon  
  140  11:25  Archon  
  138  11:35  Zealot x6  
  118  11:46  Stalker x2  
  118  11:47  Stalker x2  
  96  12:00  Colossus (Chrono Boost), Zealot x6  
  108  12:10  Zealot x4  
  114  12:22  Forge  
  114  12:31  Nexus  
  114  12:34  Stalker x2  
  114  12:36  Zealot  
  98  12:46  Colossus (Chrono Boost)  
  84  12:53  High Templar, Immortal (Chrono Boost)  
  84  12:54  High Templar x3, Zealot  
  84  12:55  Zealot x2  
  96  12:59  Archon  
  96  13:00  Archon  
  96  13:01  Zealot x3  
  96  13:05  Shield Battery  
  102  13:11  Protoss Ground Armor Level 1 (Chrono Boost)  
  102  13:16  Stalker x3  
  108  13:23  Zealot x3  
  112  13:29  Zealot x4  
  120  13:39  Stalker x3  
  122  13:44  Stalker x2  
  122  13:45  Stalker  
  126  13:50  Stalker x4  
  132  14:03  Assimilator  
  132  14:04  Gateway  
  132  14:05  Zealot x3  
  132  14:06  Warp Prism (Chrono Boost)  
  140  14:15  Stalker  
  137  14:25  Stalker  
  138  14:34  Assimilator  
  138  14:36  Observer  
  139  14:42  Forge, Nexus  
  135  14:52  Zealot x6  
  141  14:54  Zealot  

Tags
 
Add a new tag
Caveats
  • Supply blocks, unpowered buildings, or Contaminate may cause inaccurate times.
  • Supply counts are checked every 10 seconds.